 Dungeon Crawl Stone Soup version 0.31-a0-152-g6aa68a64a1 (webtiles) character file.

Game seed: 3084856740724488567

50 qw the Shooter (level 3, -1/31 HPs)
             Began as a Minotaur Hunter on June 10, 2023.
             Slain by a hobgoblin (4 damage)
             ... led by Robin
             ... on level 2 of the Dungeon.
             The game lasted 00:00:23 (979 turns).

qw the Shooter (Minotaur Hunter)                     Turns: 979, Time: 00:00:24

Health: -1/31      AC:  3    Str: 15    XL:     3   Next: 55%
Magic:  2/2        EV: 12    Int:  6    God:
Gold:   54         SH:  0    Dex: 15    Spells: 2/2 levels left

rFire   . . .        Y - +0 shortbow
rCold   . . .        (shield currently unavailable)
rNeg    . . .        c - +0 leather armour
rPois   .            (helmet restricted)
rElec   .            (no cloak)
rCorr   .            (no gloves)
SInv    .            (no boots)
Will    .....        (no amulet)
Stlth   +            (no ring)
HPRegen 0.25/turn    (no ring)
MPRegen 0.08/turn

%: no passive effects
@: no status effects
A: horns 2, retaliatory headbutt
a: no special abilities


You were on level 2 of the Dungeon.
You visited 1 branch of the dungeon, and saw 2 of its levels.

You collected 54 gold pieces.


Innate Abilities, Weirdness & Mutations

You have a pair of horns on your head.
You reflexively headbutt those who attack you in melee.


   Skills:
 - Level 3.1 Fighting
 + Level 5.6 Ranged Weapons
 - Level 2.1 Dodging
 - Level 0.7 Stealth


You had 2 spell levels left.
You didn't know any spells.
Your spell library was empty.

Inventory:

Hand Weapons
 Y - a +0 shortbow (weapon)
Armour
 c - a +0 leather armour (worn)
Scrolls
 b - a scroll of identify
Potions
 a - 2 potions of mutation {unknown}
 f - a potion of attraction {unknown}

Dungeon Overview and Level Annotations

Branches:
Dungeon (2/15)

Altars:

Annotations:
D:2 Robin


Message History

The goblin barely misses you.
You shoot an arrow. The arrow closely misses the goblin.
The goblin closely misses you.
You shoot an arrow. The arrow completely misses the goblin.
The arrow hits the goblin.
The goblin is heavily wounded.
Robin says, "Duck!"
The goblin hits you with a +0 dagger. The goblin completely misses you.
You furiously retaliate!
You headbutt the goblin.
You kill the goblin!
The hobgoblin hits you but does no damage.
You shoot an arrow.
The arrow closely misses the giant cockroach.
The goblin hits you with a +0 dagger. The hobgoblin hits you.
The giant cockroach bites you but does no damage.
The goblin hits you with a +0 dagger. The hobgoblin barely misses you.
The goblin hits you with a +0 dagger.
You shoot an arrow. The arrow hits the goblin.
You kill the goblin!
The giant cockroach closely misses you. The goblin misses you.
The hobgoblin hits you. The giant cockroach bites you.
You shoot an arrow.
The arrow hits Robin but does no damage.
The kobold barely misses you. The giant cockroach barely misses you.
The goblin closely misses you. The hobgoblin closely misses you.
You furiously retaliate!
You headbutt the hobgoblin!
You kill the hobgoblin!
Robin throws the goblin at you!
You shoot an arrow. The arrow closely misses Robin.
The giant cockroach barely misses you. The goblin hits you but does no damage.
Robin closely misses you. The kobold closely misses you.
The hobgoblin barely misses you. You furiously retaliate!
You headbutt the hobgoblin. You shoot an arrow.
The arrow closely misses the hobgoblin.
The giant cockroach bites you. The goblin barely misses you.
You furiously retaliate!
You headbutt the goblin!
You kill the goblin!
The kobold completely misses you. Robin closely misses you.
You furiously retaliate!
You headbutt Robin! The hobgoblin hits you.
You die...

##+ ....... ....
...)).. ....
.....)# ...
#.....#
..###.....#
#.......#
#.ggK.$.#
#..@B...# +#
#.))g...# .#
#.......###.####
#..............#
######.........#
#.........#
#.........#
#.........#####
+.....>........


You could see Robin, a giant cockroach, a hobgoblin (strong), a goblin (strong)
and a kobold.

Vanquished Creatures
  A dart slug (D:1)
  6 ball pythons
  3 endoplasms
  2 giant cockroaches (D:1)
  13 goblins
  3 hobgoblins
  5 jackals (D:1)
  2 frilled lizards (D:1)
  3 kobolds (D:1)
  3 rats (D:1)
41 creatures vanquished.

Vanquished Creatures (others)
  A jackal (D:1)
1 creature vanquished.

Grand Total: 42 creatures vanquished

Notes
Turn   | Place    | Note
-------+----------+-------------------------------------------
     0 | D:1      | qw the Minotaur Hunter began the quest for the Orb.
     0 | D:1      | Reached XP level 1. HP: 18/18 MP: 0/0
     0 | D:1      | 0 ||| qw: Version: 0.2-a-122-gbc61b45
     0 | D:1      | 0 ||| qw: Game counter: 3563
     0 | D:1      | 0 ||| qw: Always use a shield: true
     0 | D:1      | 0 ||| qw: God list: Okawaru
     0 | D:1      | 0 ||| qw: Allow faded altars: false
     0 | D:1      | 0 ||| qw: Do Orc after D:15 true
     0 | D:1      | 0 ||| qw: Do second Lair branch before Depths: true
     0 | D:1      | 0 ||| qw: Lair rune preference: random
     0 | D:1      | 0 ||| qw: Plans: Normal
     0 | D:1      | 0 ||| PLANNING D:1-11
   210 | D:1      | Reached XP level 2. HP: 25/25 MP: 1/1
   237 | D:1      | Reached skill level 5 in Ranged Weapons
   246 | D:1      | 246 ||| FLEEEEING.
   248 | D:1      | 248 ||| FLEEEEING.
   249 | D:1      | 249 ||| FLEEEEING.
   250 | D:1      | 250 ||| FLEEEEING.
   251 | D:1      | 251 ||| FLEEEEING.
   253 | D:1      | 253 ||| FLEEEEING.
   254 | D:1      | 254 ||| FLEEEEING.
   255 | D:1      | 255 ||| FLEEEEING.
   256 | D:1      | 256 ||| FLEEEEING.
   257 | D:1      | 257 ||| FLEEEEING.
   258 | D:1      | 258 ||| FLEEEEING.
   259 | D:1      | 259 ||| FLEEEEING.
   289 | D:1      | Reached skill level 3 in Fighting
   300 | D:1      | Reached XP level 3. HP: 12/31 MP: 2/2
   862 | D:1      | 862 ||| READING scroll labelled OMPAPI HEFFE.
   863 | D:1      | 863 ||| DRINKING 2 brown potions.
   864 | D:1      | 864 ||| DROPPING scroll of butterflies.
   865 | D:1      | 865 ||| DROPPING potion of invisibility.
   967 | D:2      | Noticed Robin
   976 | D:2      | HP: 5/31 [hobgoblin[Robin] (6)]
   979 | D:2      | Slain by a hobgoblin

Levels and vault maps discovered:
D:1:      roderic_crop_circles_arrival_small, layout_basic, serial_forest,
          infiniplex_forest_lined_room_, infiniplex_forest_zigzag_1,
          infiniplex_forest_corner_1, infiniplex_forest_3_way,
          infiniplex_forest_clump_C, infiniplex_forest_lined_corner,
          infiniplex_forest_lined_corner, infiniplex_forest_diagonal,
          infiniplex_forest_clump_double, infiniplex_forest_straight_3
D:2:      layout_basic, eino_tiny_chamber, kennysheep_boxes, uniq_robin

Skill      XL: |  1  2 |
---------------+-------+-----
Ranged Weapons | 5 |  5.6
Fighting       | 3 |  3.1
Dodging        | |  2.1
Stealth        | |  0.7

Action                     || total
---------------------------++-------
   Fire: Shortbow          ||    81
    Use: Scroll            ||     1
         Potion            ||     1
 Armour: Leather armour    ||    11
  Dodge: Dodged            ||    47

Table legend:
 A = Non-vault XP
 B = Vault XP
 C = Vault XP percentage of total XP
 D = Non-vault monster count
 E = Vault monster count
 F = Vault count percentage of total count
                 A         B        C        D         E       F
            +---------+---------+-------+---------+---------+-------
      Total |      56 |      17 |  23.3 |      33 |       9 |  21.4
            +---------+---------+-------+---------+---------+-------
        D:1 |      53 |       0 |   0.0 |      31 |       0 |   0.0
        D:2 |       3 |      17 |  85.0 |       2 |       9 |  81.8
            +---------+---------+-------+---------+---------+-------
